Map: Port Aleksander LE

Players

Magicguy - Winner!

  • Race: Protoss Protoss
  • League: Platinum
  • Spawn Location: 11:00

Mesrob

  • Race: Terran Terran
  • League: Gold
  • Spawn Location: 5:00

VOD

Have the link to the VOD?

Description

Time

  • Played on: Jan. 11, 2019, 8:46 p.m.
  • Length: 12:26
Show
View Real Time Build Order
Export as new Build Order

Magicguy Protoss - Winner!

Build Orders:  

Get SALT Encoding   

  12  0:00  Probe  
  13  0:13  Probe  
  14  0:19  Pylon  
  14  0:25  Probe  
  15  0:33  Probe  
  15  0:41  Probe  
  16  0:47  Forge  
  17  0:51  Probe  
  18  1:03  Probe  
  19  1:06  Assimilator  
  19  1:15  Probe  
  19  1:17  Pylon  
  20  1:27  Probe  
  20  1:34  Pylon  
  20  1:35  Pylon  
  20  1:38  Pylon  
  20  1:39  Pylon  
  20  1:52  Probe  
  21  2:04  Probe  
  21  2:06  Nexus  
  22  2:12  Pylon  
  22  2:13  Probe  
  22  2:21  Probe  
  23  2:29  Probe  
  24  2:30  Gateway  
  25  2:37  Probe  
  25  2:40  Assimilator  
  26  2:45  Probe  
  27  2:54  Photon Cannon  
  27  2:55  Probe  
  28  2:59  Photon Cannon  
  28  3:03  Probe  
  28  3:11  Probe  
  29  3:13  Protoss Ground Weapons Level 1  
  30  3:20  Cybernetics Core  
  30  3:21  Probe  
  30  3:23  Probe  
  32  3:35  Probe  
  32  3:41  Pylon  
  33  3:42  Probe  
  33  3:47  Zealot  
  36  3:54  Probe  
  36  3:55  Pylon  
  37  4:04  Assimilator  
  37  4:05  Warp Gate, Probe  
  37  4:06  Probe  
  39  4:17  Probe  
  39  4:18  Stargate  
  39  4:19  Probe  
  39  4:20  Stalker  
  39  4:22  Stargate  
  41  4:29  Probe  
  41  4:31  Probe  
  45  4:41  Probe  
  45  4:43  Probe  
  47  4:49  Nexus  
  47  4:50  Pylon  
  47  4:53  Probe  
  47  4:54  Stalker  
  47  4:57  Probe  
  51  5:00  Assimilator  
  51  5:05  Probe  
  51  5:06  Oracle  
  55  5:08  Protoss Ground Armor Level 1  
  55  5:09  Oracle, Probe  
  56  5:17  Probe  
  56  5:21  Probe  
  61  5:29  Probe  
  61  5:34  Twilight Council  
  61  5:35  Pylon  
  62  5:38  Photon Cannon  
  62  5:41  Pylon  
  62  5:44  Probe  
  63  5:53  Pylon  
  63  5:56  Probe x2  
  65  5:59  Stalker  
  65  6:02  Gateway  
  67  6:06  Probe  
  67  6:08  Probe  
  67  6:09  Probe  
  70  6:18  Gateway  
  70  6:20  Probe  
  70  6:21  Probe, Gateway  
  70  6:23  Pylon  
  72  6:27  Oracle  
  72  6:32  Probe  
  76  6:33  Probe  
  77  6:52  Protoss Ground Armor Level 2  
  77  6:58  Void Ray  
  77  7:00  Zealot x2  
  80  7:04  Oracle  
  87  7:16  Fleet Beacon  
  87  7:18  Gateway  
  87  7:21  Gateway  
  88  7:22  Probe  
  88  7:23  Gateway  
  88  7:34  Probe  
  89  7:41  Void Ray  
  89  7:43  Zealot x2  
  89  7:44  Zealot x2  
  99  7:47  Charge  
  99  7:49  Probe  
  102  7:53  Gateway  
  102  7:54  Gateway  
  102  7:55  Assimilator  
  102  7:56  Probe x2  
  102  7:57  Assimilator  
  102  7:58  Pylon  
  104  8:01  Probe  
  104  8:02  Gateway  
  104  8:04  Gateway  
  105  8:08  Tempest  
  110  8:19  Probe  
  111  8:24  Tempest  
  111  8:25  Probe x2  
  118  8:30  Zealot  
  118  8:31  Probe, Zealot x2  
  125  8:39  Pylon  
  125  8:42  Pylon  
  125  8:57  Probe x2  
  125  9:02  Zealot x3  
  125  9:05  Stalker x2  
  125  9:08  Probe  
  132  9:11  Pylon  
  132  9:20  Probe  
  132  9:21  Tempest  
  132  9:22  Tempest  
  138  9:26  Pylon  
  138  9:27  Pylon  
  143  9:40  Zealot x3  
  143  9:43  Zealot x2  
  143  9:44  Stalker  
  149  9:55  Tempest  
  149  9:57  Tempest  
  143  10:02  Probe  
  149  10:10  Probe  
  155  10:18  Probe  
  155  10:26  Probe  
  157  10:30  Templar Archives  
  157  10:38  Probe  
  157  10:40  Tempest  
  158  10:43  Pylon  
  158  10:45  Pylon  
  158  10:46  Nexus  
  158  10:47  Pylon  
  163  10:50  Pylon  
  163  10:51  Tempest  
  163  11:03  Pylon  
  164  11:07  Probe  
  164  11:11  Nexus  
  165  11:13  Pylon  
  165  11:15  Pylon  
  165  11:17  Tempest  
  178  11:26  Pylon  
  178  11:31  Pylon  
  178  11:33  Tempest  
  183  11:49  Pylon  
  183  11:55  Photon Cannon  
  183  11:57  Gateway  
  183  11:59  Photon Cannon  
  183  12:00  Gateway, Photon Cannon  
  183  12:01  Pylon  
  183  12:02  Pylon  
  183  12:06  Pylon  
  183  12:10  Zealot  
  183  12:11  Zealot x4  
  183  12:12  Zealot  
Show
View Real Time Build Order
Export as new Build Order

Mesrob Terran 

Build Orders: Mech 

Get SALT Encoding   

  12  0:01  SCV  
  13  0:13  SCV  
  14  0:18  Supply Depot  
  14  0:25  SCV  
  15  0:39  SCV  
  15  0:42  Barracks  
  16  0:46  Refinery  
  16  0:52  SCV  
  17  1:04  SCV  
  18  1:29  Marine  
  18  1:47  Marine  
  19  2:01  Command Center  
  19  2:05  Marine  
  19  2:08  Orbital Command  
  20  2:24  Factory  
  20  2:38  Barracks Tech Lab  
  20  2:47  SCV  
  21  2:59  SCV  
  22  3:06  Supply Depot  
  22  3:11  SCV  
  23  3:20  Siege Tank  
  23  3:23  Orbital Command  
  23  3:25  SCV  
  23  3:26  Supply Depot  
  27  3:34  Engineering Bay  
  27  3:37  Refinery, SCV  
  28  3:49  SCV  
  28  3:52  Siege Tank  
  28  3:54  Supply Depot  
  32  4:08  Missile Turret  
  32  4:11  Missile Turret  
  32  4:14  SCV  
  32  4:16  SCV  
  34  4:24  Siege Tank  
  34  4:26  SCV  
  34  4:29  SCV  
  39  4:33  Supply Depot  
  39  4:39  SCV  
  39  4:41  SCV  
  39  4:43  Armory  
  41  4:51  SCV  
  42  4:53  SCV  
  43  5:00  Siege Tank  
  43  5:01  Refinery  
  43  5:03  SCV  
  47  5:15  SCV  
  47  5:18  SCV  
  49  5:24  Refinery  
  49  5:27  SCV  
  50  5:31  SCV  
  50  5:32  Supply Depot  
  50  5:34  Factory  
  50  5:35  Terran Vehicle Weapons Level 1  
  51  5:39  SCV  
  52  5:44  Marine  
  52  5:47  SCV  
  54  5:51  SCV  
  54  5:55  Supply Depot  
  55  5:59  SCV  
  55  6:03  SCV  
  57  6:11  SCV  
  57  6:13  Command Center  
  57  6:14  Thor  
  57  6:16  SCV  
  57  6:17  Factory  
  65  6:23  SCV  
  66  6:31  Marine  
  67  6:33  SCV  
  67  6:35  SCV  
  67  6:36  Factory Reactor  
  69  6:45  SCV  
  59  6:54  Missile Turret  
  59  6:57  Thor  
  63  7:03  Missile Turret  
  63  7:09  Factory Tech Lab  
  63  7:20  Missile Turret  
  63  7:27  SCV x2  
  65  7:39  SCV x2  
  65  7:40  Thor  
  65  7:43  Thor  
  65  7:44  Hellbat, Missile Turret  
  79  7:45  Hellbat  
  83  8:11  Factory  
  83  8:14  Supply Depot  
  83  8:15  SCV  
  83  8:16  SCV  
  85  8:21  Planetary Fortress  
  85  8:23  Thor  
  91  8:27  SCV  
  91  8:33  SCV  
  93  8:36  Supply Depot  
  93  8:39  Refinery, SCV  
  94  8:44  Missile Turret  
  94  8:49  SCV  
  94  8:51  SCV  
  96  8:58  Factory Tech Lab  
  96  9:01  SCV  
  97  9:04  Refinery, Missile Turret  
  97  9:05  Hellbat x2  
  97  9:09  Thor  
  106  9:25  Sensor Tower, Missile Turret  
  106  9:39  Sensor Tower  
  106  9:43  Missile Turret  
  105  10:10  Missile Turret  
  103  10:31  Missile Turret  
  103  10:42  Supply Depot  
  103  10:44  Thor  
  109  10:53  Hellbat x2  
  113  11:01  SCV  
  113  11:02  SCV x2  
  113  11:03  Thor  
  122  11:06  Supply Depot  
  122  11:25  Supply Depot  
  122  11:28  Thor  
  122  11:29  Supply Depot  
  128  11:41  Hellbat x2  
  138  11:48  Supply Depot  
  138  11:57  Supply Depot  
  138  12:03  Hellbat x2  
  140  12:11  Supply Depot  
  123  12:20  Supply Depot  
Tags
 
Composition
Mech
Matchup
PvT
Replay Pack
sc2 replays
Spawn Locations
Cross Positions
Add a new tag
Caveats
  • Supply blocks, unpowered buildings, or Contaminate may cause inaccurate times.
  • Supply counts are checked every 10 seconds.